 Dungeon Crawl Stone Soup version 0.32-a0-360-gcd93b57 (webtiles) character file.

Game seed: 1866848647352563824

8339 edsrzf the Carver (level 11, 0/90 HPs)
             Began as a Coglin Brigand on Feb 18, 2024.
             Was an Initiate of Gozag.
             Slain by a hell hog (12 damage)
             ... on level 1 of the Abyss.
             The game lasted 00:25:25 (8667 turns).

edsrzf the Carver (Coglin Brigand)                  Turns: 8667, Time: 00:25:26

Health: 0/90       AC: 16    Str: 15    XL:     11   Next: 29%
Magic:  11/11      EV: 12    Int: 12    God:    Gozag
Gold:   688        SH:  0    Dex: 15    Spells: 10/10 levels left

rFire   + . .        a - +1 scimitar (drain) {Daichi}
rCold   + . .        b - +0 falchion (protect) {Nozipho}
rNeg    . . .        E - +2 robe {Will+}
rPois   .            s - +0 helmet
rElec   .            c - +0 cloak
rCorr   .            w - +2 pair of gloves
SInv    .            (no boots)
Will    +....        x - amulet of regeneration
Stlth   +++          p - ring of protection from fire
HPRegen 1.15/turn    y - ring of protection from cold
MPRegen 0.12/turn

%: no passive effects
@: gold aura, under a protective aura, studying Earth Magic, revving
A: off-hand wielding, slow wielding, warmup strikes, warmup strides
a: Renounce Religion, Potion Petition, Call Merchant, Bribe Branch


You were on level 1 of the Abyss.
You worshipped Gozag.
Gozag was pleased with you.
You visited 2 branches of the dungeon, and saw 13 of its levels.
You visited the Abyss 1 time.
You also visited: Bailey.

You collected 1172 gold pieces.
You spent 292 gold pieces at shops.
You paid 192 gold pieces to Gozag.

Inventory:

Hand Weapons
 a - a +1 scimitar of draining (weapon) {Daichi}
 b - a +0 falchion of protection (worn) {Nozipho}
 z - a +2 dagger {Septimus}
Missiles
 d - 29 poisoned darts (quivered)
 e - 5 curare-tipped darts
 u - 3 atropa-tipped darts
 A - a throwing net {=f}
Armour
 c - a +0 cloak (worn)
 h - a +0 pair of gloves of hurling
 q - the +4 chain mail of the Old World {rC+ Will++}
   (You found it in a bailey)

   rC+:       It protects you from cold.
   Will++:    It greatly increases your willpower.
 s - a +0 helmet (worn)
 w - a +2 pair of gloves (worn)
 E - a +2 robe of willpower (worn)
Jewellery
 i - a ring of resist corrosion
 p - a ring of protection from fire (left grasper)
 r - a ring of see invisible
 x - an amulet of regeneration (around neck)
 y - a ring of protection from cold (right grasper)
Wands
 f - a wand of acid (1)
 o - a wand of roots (10)
 B - a wand of flame (11)
 D - a wand of mindburst (6)
Scrolls
 j - 4 scrolls of enchant armour
 C - a scroll of brand weapon
 F - 2 scrolls of teleportation {@r3}
 G - a scroll of enchant weapon
 H - a scroll of identify {@r1}
Potions
 g - 2 potions of might
 k - 4 potions of mutation {!q}
 l - 2 potions of attraction
 m - 7 potions of curing
 n - 3 potions of lignification
 t - 3 potions of brilliance
 J - 5 potions of enlightenment


   Skills:
 - Level 9.7 Fighting
 - Level 4.1(7.7) Short Blades
 + Level 11.1(11.4) Long Blades
 - Level 1.8 Throwing
 + Level 2.5 Dodging
 - Level 4.5 Stealth
 - Level 9.1 Evocations


You had 10 spell levels left.
You didn't know any spells.
Your spell library contained the following spells:

 Spells                   Type           Power      Damage    Failure   Level
 Blink                    Tloc           0%         N/A       45%         2
 Lesser Beckoning         Tloc           0%         N/A       45%         2
 Momentum Strike          Conj/Tloc      0%         3d8       45%         2
 Call Canine Familiar     Summ           0%         N/A       69%         3
 Gell's Gravitas          Tloc           0%         N/A       69%         3
 Hailstorm                Conj/Ice       0%         3d5       69%         3
 Sigil of Binding         Hex            0%         N/A       69%         3
 Teleport Other           Tloc           0%         N/A       69%         3
 Dimensional Bullseye     Hex/Tloc       0%         N/A       97%         4
 Summon Blazeheart Golem  Fire/Summ      0%         N/A       97%         4
 Ignition                 Fire           0%         3d3       100%        8


Dungeon Overview and Level Annotations

Branches:
Dungeon (12/15)            Temple (1/1) D:7          Bailey (visited)
   Lair: D:8-11         Orc: D:9-12

Altars:
Ashenzari
Cheibriados
Dithmenos
Elyvilon
Fedhas
Gozag
Hepliaklqana
Kikubaaqudgha
Makhleb
Nemelex Xobeh
Okawaru
Qazlal
Ru
Sif Muna
Trog
Uskayaw
Vehumet
Wu Jian
Xom
Yredelemnul
Zin
The Shining One

Shops:
D:1 ***(:   D:5 =


Innate Abilities, Weirdness & Mutations

You can wield a second weapon in your off-hand.
It takes a long time for you to wield or remove held weapons.
Your first few attacks do less damage.
Your first movements take longer.


Message History

The hell hog completely resists.
The fireball engulfs you. You resist.
The fireball engulfs the hell hog.
The hell hog completely resists.
You hit the hell hog with your +1 scimitar of draining.
The hell hog is severely wounded.
You hit the hell hog with your +0 falchion of protection.
The hell hog bites you!
Aiming: Corrosive Bolt
Press: ? - help, Shift-Dir - straight line, f - small abomination, p - hell hog
Aim: a small abomination (74% to hit)
The bolt of acid hits the hell hog!!
The acid corrodes the hell hog!
The hell hog is heavily wounded.
The bolt of acid hits the hell hog!!
The acid corrodes the hell hog!
The hell hog is heavily wounded.
The bolt of acid hits the small abomination!
The small abomination is heavily damaged.
The hell hog completely misses you.
A raiju comes into view.
The hell hog breathes fire at you.
The fireball explodes!
The fireball engulfs you! You resist.
The fireball engulfs the hell hog.
The hell hog completely resists.
The fireball engulfs the hell hog.
The hell hog completely resists.
The hell hog breathes fire at you.
The fireball explodes!
The fireball engulfs you! You resist.
The fireball engulfs the hell hog.
The hell hog completely resists.
The fireball engulfs the hell hog.
The hell hog completely resists.
The hell hog bites you.
You hear a horrible gurgling sound!
Okay, then.
Aiming: Mindburst
Press: ? - help, Shift-Dir - straight line, f - hell hog, p - small abomination
Aim: a hell hog (heavily wounded, catching its breath, covered in acid, chance to affect: 77%)
The hell hog's mind is blasted!
The hell hog bites you.
The hell hog is distracted by your dazzling golden aura.
Okay, then.
Okay, then.
You don't know any spells.
Unknown command.
Okay, then.
Unknown command.
Press: ? - help, v - describe, . - travel
Here: a hell hog (almost dead)
The floor.
You slash the hell hog with your +1 scimitar of draining!
You kill the hell hog!
The hell hog bites you. The hell hog barely misses you.
A raiju comes into view.
Your Long Blades skill increases to level 11!
Your Dodging skill increases to level 2!
Press: ? - help, v - describe, . - travel
Here: a small abomination (heavily damaged)
The floor.
You closely miss the hell hog with your +1 scimitar of draining.
The hell hog is heavily wounded.
You slash the hell hog with your +0 falchion of protection!
The hell hog bites you! The hell hog breathes fire at you.
The fireball explodes!
The fireball engulfs you! You resist.
* * * LOW HITPOINT WARNING * * *
The fireball engulfs the hell hog.
The hell hog completely resists.
The fireball engulfs the hell hog.
The hell hog completely resists.
You hear a horrible gurgling sound! x3
You feel much better.
The hell hog bites you but does no damage. x2
A raiju comes into view.
The hell hog bites you!
* * * LOW HITPOINT WARNING * * *
You hit the hell hog with your +0 falchion of protection.
The hell hog is heavily wounded.
You hit the hell hog with your +1 scimitar of draining.
The hell hog bites you but does no damage.
The raiju barely misses you. The hell hog bites you.
* * * LOW HITPOINT WARNING * * *
You feel much better.
The hell hog is no longer covered in acid.
The hell hog closely misses you.
The raiju bursts into living lightning!
The living lightning hits you.
The raiju blinks!
A raiju comes into view.
The hell hog bites you!
* * * LOW HITPOINT WARNING * * *
The hell hog bites you but does no damage.
The raiju barks!
You hit the hell hog but do no damage.
The hell hog is severely wounded.
You hit the hell hog with your +0 falchion of protection.
The hell hog is no longer covered in acid.
The hell hog bites you but does no damage. x2
The raiju bites you.
* * * LOW HITPOINT WARNING * * *
The raiju shocks you!
* * * LOW HITPOINT WARNING * * *
Okay, then.
The hell hog barely misses you. The hell hog bites you!
* * * LOW HITPOINT WARNING * * *
A starcursed mass comes into view.
The raiju bursts into living lightning!
The living lightning misses you.
The raiju blinks!
The hell hog bites you!
You die...
Your body crumbles into a pile of gold.

## . ## .#. #.
####.# ...
###.#.# ##..#
#
#.#...###h....
##..#..@hx#
#.....#hh§#
###..###.h$..#
#.#...
..#..#h.X#
.... .
.##....# ...
... .#### #. .
...' ## . .~..
# ....


You could see a starcursed mass, 2 hell hogs, 4 raiju and a small abomination.

Vanquished Creatures
  A boulder beetle (D:12)
  2 hell hogs (Abyss:1)
  An orc knight (Bailey)
  A manticore (D:12)
  Jeremiah (D:7)
  An unseen horror (D:12)
  A freezing wraith (Abyss:1)
  An ancient zyme (Abyss:1)
  A troll (D:11)
  Prince Ribbit (D:7)
  A vampire (D:11)
  A wraith (D:12)
  Edmund (D:6)
  8 orc warriors
  A water moccasin (D:7)
  A sky beast (D:8)
  An ice beast (D:7)
  2 ogres (D:5)
  4 centaurs
  A phantom (D:5)
  2 kobold brigands
  A scorpion (D:5)
  4 wights (D:6)
  A water moccasin skeleton (D:5)
  5 killer bees (D:8)
  2 bullfrog zombies (D:5)
  2 bombardier beetles
  4 howler monkeys
  3 centaur zombies (D:5)
  6 jellies
  5 orc priests (D:8)
  A centaur skeleton (D:5)
  5 hounds
  8 iguanas
  Terence (D:3)
  5 orc wizards
  A hound skeleton (D:5)
  Robin (D:3)
  3 gnolls
  5 adders
  A shadow imp (D:5)
  3 white imps
  2 dart slugs
  32 orcs
  A ball python (D:3)
  5 bats
  5 endoplasms
  3 giant cockroaches
  23 goblins
  14 hobgoblins
  4 jackals (D:3)
  4 quokkas
  25 kobolds
  8 rats
  A spectral orc (D:7)
228 creatures vanquished.

Notes
Turn   | Place    | Note
-------+----------+-------------------------------------------
     0 | D:1      | edsrzf the Coglin Brigand began the quest for the Orb.
     0 | D:1      | Reached XP level 1. HP: 16/16 MP: 1/1
    25 | D:1      | Found Wanio's Book Emporium.
    43 | D:1      | Found Diorchei's Weapon Emporium.
    51 | D:1      | Found Qetwoe's Assorted Antiques.
    53 | D:1      | Found Noxt's Assorted Antiques.
    79 | D:1      | Reached skill level 2 in Short Blades
   113 | D:1      | Reached XP level 2. HP: 22/22 MP: 2/2
   193 | D:1      | Found Opaj's Assorted Antiques.
   410 | D:2      | Reached XP level 3. HP: 24/27 MP: 3/3
   777 | D:2      | Found a faded altar of an unknown god.
   831 | D:2      | Reached skill level 4 in Stealth
  1119 | D:2      | Reached XP level 4. HP: 32/33 MP: 4/4
  1227 | D:3      | Identified 5 scrolls of enchant armour
  1264 | D:3      | Reached skill level 3 in Short Blades
  1555 | D:3      | Noticed Robin
  1569 | D:3      | Killed Robin
  1570 | D:3      | Reached XP level 5. HP: 14/38 MP: 5/5
  1893 | D:3      | Found a white marble altar of Elyvilon.
  1893 | D:3      | Found a glowing silver altar of Zin.
  2162 | D:3      | Noticed Terence
  2180 | D:3      | Killed Terence
  2181 | D:3      | Reached skill level 1 in Long Blades
  2676 | D:4      | Reached skill level 4 in Short Blades
  2676 | D:4      | Reached XP level 6. HP: 36/44 MP: 6/6
  2834 | D:4      | Reached skill level 2 in Long Blades
  3227 | D:5      | Entered Level 5 of the Dungeon
  3248 | D:5      | Reached skill level 3 in Fighting
  3324 | D:5      | Reached skill level 3 in Long Blades
  3452 | D:5      | Reached XP level 7. HP: 36/52 MP: 7/7
  3674 | D:6      | Reached skill level 4 in Fighting
  3678 | D:6      | Reached skill level 4 in Long Blades
  3923 | D:6      | Noticed Edmund
  3942 | D:6      | Killed Edmund
  3943 | D:6      | Reached XP level 8. HP: 61/61 MP: 8/8
  3986 | D:6      | Reached skill level 5 in Fighting
  4098 | D:6      | Reached skill level 5 in Long Blades
  4104 | D:6      | Identified 2 potions of might
  4133 | D:6      | Identified 6 scrolls of identify
  4133 | D:6      | Identified 3 potions of lignification
  4134 | D:6      | Identified 2 potions of brilliance
  4135 | D:6      | Identified 2 potions of attraction
  4141 | D:6      | Identified 3 potions of mutation
  4294 | D:6      | Reached skill level 6 in Fighting
  4452 | D:6      | Reached skill level 6 in Long Blades
  4887 | D:5      | Noticed a vampire
  5045 | D:5      | Reached XP level 9. HP: 71/71 MP: 9/9
  5154 | D:5      | Reached skill level 7 in Fighting
  5157 | D:5      | Reached skill level 7 in Long Blades
  5338 | D:5      | Found Duciepn's Jewellery Boutique.
  5715 | D:7      | Noticed Prince Ribbit
  5826 | D:7      | Noticed Jeremiah
  5841 | D:7      | Killed Jeremiah
  5842 | D:7      | Reached skill level 8 in Fighting
  5864 | D:7      | Reached skill level 8 in Long Blades
  5866 | D:7      | Identified the +5 hand axe of Extermination {spect, Str+3}
  5926 | D:7      | Got the Dissertation on Bolts and Flame
  6011 | D:7      | Found a hazy altar of Hepliaklqana.
  6086 | D:7      | Identified a potion of berserk rage
  6087 | D:7      | Identified a potion of heal wounds
  6143 | D:7      | Killed Prince Ribbit
  6341 | D:7      | Found a staircase to the Ecumenical Temple.
  6403 | Temple   | Entered the Ecumenical Temple
  6417 | Temple   | Became a worshipper of Gozag Ym Sagoz the Greedy
  6635 | D:1      | Bought a scroll labelled PEMARIUDAH for 25 gold pieces
  6635 | D:1      | Bought 2 smoky brown potions for 45 gold pieces
  6635 | D:1      | Bought a grey potion for 22 gold pieces
  6635 | D:1      | Bought a scroll labelled BOGOMYSOAS for 25 gold pieces
  6635 | D:1      | Bought a smoky brown potion for 22 gold pieces
  6667 | D:1      | Bought a scroll labelled PARCHI HEHYIT for 26 gold pieces
  6667 | D:1      | Bought a silvery potion for 23 gold pieces
  6667 | D:1      | Bought a scroll labelled GETAANT COAC for 26 gold pieces
  6697 | D:1      | Bought a scroll labelled ZEIG DONWEUMP for 27 gold pieces
  6697 | D:1      | Bought a scroll labelled OMMYGA ROPNAS for 27 gold pieces
  6697 | D:1      | Bought a smoky brown potion for 24 gold pieces
  6697 | D:1      | Identified 2 scrolls of teleportation
  6698 | D:1      | Identified 2 scrolls of brand weapon
  6861 | D:8      | Identified a scroll of amnesia
  6866 | D:8      | Identified a scroll of vulnerability
  6867 | D:8      | Identified a scroll of immolation
  6898 | D:8      | Reached skill level 9 in Fighting
  6898 | D:8      | Reached skill level 9 in Long Blades
  6901 | D:8      | Reached XP level 10. HP: 44/83 MP: 10/10
  6951 | D:8      | Found a flagged portal.
  6996 | Bailey   | Entered a bailey
  7079 | Bailey   | Noticed an orc knight
  7100 | Bailey   | Killed an orc knight
  7115 | Bailey   | Reached skill level 2 in Evocations
  7120 | Bailey   | Reached skill level 3 in Evocations
  7125 | Bailey   | Reached skill level 4 in Evocations
  7214 | Bailey   | Identified the +4 chain mail of the Old World {rC+ Will++}
  7651 | D:8      | Reached skill level 5 in Evocations
  8115 | D:9      | Found a bloodstained altar of Trog.
  8135 | D:9      | You fall into a shaft and drop 3 floors!
  8147 | D:12     | Noticed a manticore
  8159 | D:12     | Killed a manticore
  8160 | D:12     | Reached skill level 6 in Evocations
  8220 | D:12     | Noticed a boulder beetle
  8234 | D:12     | Killed a boulder beetle
  8235 | D:12     | Reached skill level 8 in Evocations
  8278 | D:12     | Killed an unseen horror
  8279 | D:12     | Reached skill level 9 in Evocations
  8345 | D:11     | Identified 7 potions of curing
  8367 | D:11     | Reached skill level 10 in Long Blades
  8367 | D:11     | Reached XP level 11. HP: 75/90 MP: 11/11
  8445 | D:10     | Entered Level 10 of the Dungeon
  8452 | Abyss:1  | Cast into level 1 of the Abyss (gnoll sergeant)
  8651 | Abyss:1  | Noticed a hell hog
  8654 | Abyss:1  | Killed a hell hog
  8654 | Abyss:1  | Noticed a hell hog
  8655 | Abyss:1  | Reached skill level 1 in Dodging
  8656 | Abyss:1  | Noticed a hell hog
  8657 | Abyss:1  | Noticed a hell hog
  8661 | Abyss:1  | Killed a hell hog
  8662 | Abyss:1  | Reached skill level 11 in Long Blades
  8662 | Abyss:1  | Reached skill level 2 in Dodging
  8667 | Abyss:1  | Noticed a starcursed mass
  8667 | Abyss:1  | Slain by a hell hog

Illustrated notes

Levels and vault maps discovered:
D:1:      psy_arrival_dodecagon, layout_rooms, serial_shops, shop, shop,
          nicolae_shop_stone, nicolae_shop_waterfront, shop
D:2:      layout_basic, hellmonk_ecumenical_altar_zigzags
D:3:      kennysheep_goblin_castle, layout_loops_ring,
          gammafunk_temple_overflow_statue, minivault_23, serial_park_tiny_1,
          serial_bayou_lagoon_b, uniq_terence
D:4:      cheibrodos_old_hovel, layout_loops_ring, minmay_goblin_outpost
D:5:      layout_gridville, serial_undead, serial_undead_e, serial_undead_b,
          serial_undead_c, serial_undead_f, serial_shops, kennysheep_mini,
          hex_medium, lightli_corner_chamber
D:6:      layout_gridville, uniq_edmund
D:7:      hellmonk_crumbling_castle, layout_rooms,
          nicolae_hepliaklqana_monster_ancestors, serial_aquarium,
          aquarium_bridge_long_separate [aquarium_subvault_wall,
          aquarium_subvault_bridge, aquarium_subvault_wall,
          aquarium_subvault_wall, aquarium_subvault_window,
          aquarium_subvault_bridge], aquarium_window_fake, aquarium_window_2,
          aquarium_view_2a, aquarium_balcony_5b, uniq_jeremiah,
          uniq_prince_ribbit1
D:8:      layout_loops_cross, enter_bailey_5, grunt_decor_arrowhead
D:9:      layout_grid_maze, kennysheep_little_box, feat_on_display
D:10:     lemuel_ice_statue, layout_basic, david_orc_2,
          nicolae_trove_entry_crossroad, hellmonk_ghost_happy_afterlife,
          nicolae_stop_n_shop_1
D:11:     minmay_the_grid_triangle_9x9_rhombus_full
          [minmay_the_grid_triangle_9x9_minimal,
          minmay_the_grid_triangle_9x9_impossible_snake,
          minmay_the_grid_triangle_9x9_alien,
          minmay_the_grid_triangle_9x9_stretched_checkered,
          minmay_the_grid_triangle_9x9_windchime,
          minmay_the_grid_triangle_9x9_zippers_horizontal,
          minmay_the_grid_triangle_9x9_warning,
          minmay_the_grid_triangle_9x9_prize_center], layout_basic,
          lair_entry_dummy, serial_glass, glass_columns_a, glass_columns_c,
          item_on_display_a, minmay_strange_pillars, kennysheep_small_square,
          uniq_harold
D:12:     layout_small_grid
Temple:   nicolae_temple_bog_church
Abyss:1:  base: D:2, evilmike_abyss_exit_12

Skill      XL: |  1  2  3  4  5  6  7  8  9 10 11 |
---------------+----------------------------------+-----
Short Blades   | 2 3 4 |  4.1
Stealth        | 4 |  4.5
Long Blades    | 1 3 4 6 9 10 11 | 11.1
Fighting       | 3 4 6 9 |  9.7
Evocations     | 9 |  9.1
Dodging        | 2 |  2.5
Throwing       | |  1.8

Action                     |  1- 3 |  4- 6 |  7- 9 | 10-12 || total
---------------------------+-------+-------+-------+-------++-------
  Melee: Dagger            |   105 |   257 |    69 |       ||   431
         Falchion          |       |   131 |   251 |   150 ||   532
         Scimitar          |       |       |   184 |   168 ||   352
  Throw: Dart              |       |     7 |    39 |    26 ||    72
  Evoke: Wand              |       |       |     4 |     8 ||    12
    Use: Scroll            |       |     1 |    15 |     2 ||    18
         Potion            |       |       |     2 |     4 ||     6
   Stab: Sleeping          |     7 |     9 |     7 |       ||    23
         Distracted        |     1 |       |     2 |     1 ||     4
 Armour: Robe              |    21 |   123 |   198 |   144 ||   486
  Dodge: Dodged            |    18 |   100 |   144 |    84 ||   346

Table legend: (Time is in decaauts)
 A = Elapsed time spent in this place.
 B = Non-inter-level travel time spent in this place.
 C = Inter-level travel time spent in this place.
 D = Time resting spent in this place.
 E = Time spent auto-exploring this place.
 F = Levels seen in this place.
 G = Mean time per level.
                   A        B        C        D        E       F      G
               +--------+--------+--------+--------+--------+-----+--------+
         Total |   9119 |   8461 |    658 |    608 |   5317 |  15 |  607.9 |
       Dungeon |   8432 |   7803 |    629 |    471 |   5073 |  12 |  702.7 |
        Temple |     31 |      2 |     29 |      0 |      0 |   1 |   31.0 |
         Abyss |    214 |    214 |      0 |    106 |      0 |   1 |  214.0 |
        Bailey |    440 |    440 |      0 |     31 |    243 |   1 |  440.0 |
               +--------+--------+--------+--------+--------+-----+--------+

Top non-repeatable levels by time:
     D:5: 1432 daAuts
     D:3: 1284 daAuts
     D:6: 1281 daAuts
     D:4: 933 daAuts
     D:2: 889 daAuts
     D:8: 835 daAuts
     D:7: 762 daAuts
     D:1: 536 daAuts
  Bailey: 440 daAuts
 Abyss:1: 214 daAuts
    D:12: 195 daAuts
     D:9: 140 daAuts
    D:11: 135 daAuts
  Temple: 31 daAuts
    D:10: 6 daAuts
